 Dungeon Crawl Stone Soup version 0.31-a0-145-g046c7d2549 (webtiles) character file.

Game seed: 9593927539517042558

119 hikkokomori the Slasher (level 4, -3/37 HPs)
             Began as a Demigod Gladiator on June 7, 2023.
             Succumbed to Crazy Yiuf's poison
             ... on level 2 of the Dungeon.
             The game lasted 00:02:33 (1772 turns).

hikkokomori the Slasher (Demigod Gladiator)         Turns: 1772, Time: 00:02:34

Health: -3/37      AC:  6    Str: 15    XL:     4   Next: 47%
Magic:  6/6        EV: 12    Int: 14    God:
Gold:   134        SH:  4    Dex: 15    Spells: 3/3 levels left

rFire   . . .        a - +0 long sword
rCold   . . .        f - +0 buckler
rNeg    . . .        b - +0 leather armour
rPois   .            p - +1 helmet
rElec   .            (no cloak)
rCorr   .            (no gloves)
SInv    .            m - +0 pair of boots
Will    .....        (no amulet)
Stlth   ++           (no ring)
HPRegen 0.26/turn    (no ring)
MPRegen 0.10/turn

%: no passive effects
@: lethally poisoned (-3 -> -13)
A: high MP 1, forlorn, divine attributes
a: no special abilities


You were on level 2 of the Dungeon.
You visited 1 branch of the dungeon, and saw 2 of its levels.

You collected 134 gold pieces.

Inventory:

Hand Weapons
 a - a +0 long sword (weapon)
Missiles
 d - 2 throwing nets
 e - a javelin (quivered)
Armour
 b - a +0 leather armour (worn)
 f - a +0 buckler (worn)
 m - a +0 pair of boots (worn)
 p - a +1 helmet (worn)
Wands
 n - a wand of light (3)
Scrolls
 g - a scroll of blinking {unknown}
 h - 2 scrolls of identify {unknown}
 k - a scroll of teleportation {unknown}
 l - a scroll of butterflies {unknown}
 o - a scroll of fog {unknown}
Potions
 i - a potion of lignification {unknown}
 j - 2 potions of heal wounds


   Skills:
 + Level 2.7 Fighting
 + Level 3.4 Long Blades
 - Level 1.7 Throwing
 - Level 2.6 Dodging
 + Level 2.0 Stealth
 + Level 1.7 Shields


You had 3 spell levels left.
You didn't know any spells.
Your spell library was empty.

Dungeon Overview and Level Annotations

Branches:
Dungeon (2/15)

Annotations:
D:2 Crazy Yiuf


Innate Abilities, Weirdness & Mutations

You have an increased reservoir of magic. (+10% MP)
You shall have no god before yourself.
Your divine heritage dramatically boosts your attributes as you level up.


Message History

The worm is severely wounded.
The worm barely misses you.
You slash the worm!
You kill the worm!
No target in view!
No target in view!
No target in view!
No target in view!
No target in view!
No target in view!
No target in view!
No target in view!
No target in view!
No target in view!
Found a stone staircase leading up.
There is a stone staircase leading up here.
You see here a +0 dagger.
Could not explore, unopened runed door.
Could not explore, unopened runed door.
Could not explore, unopened runed door.
It was a potion of heal wounds.
You feel much better.
You open the door.
Crazy Yiuf shouts!
Crazy Yiuf hits you with a +4 quarterstaff of chaos.
You are electrocuted!
There is an open translucent door here.
You slash Crazy Yiuf!
Crazy Yiuf is moderately wounded.
Crazy Yiuf hits you with a +4 quarterstaff of chaos!
* * * LOW HITPOINT WARNING * * *
Crazy Yiuf burns you.
* * * LOW HITPOINT WARNING * * *
You hit Crazy Yiuf.
Crazy Yiuf is heavily wounded.
Crazy Yiuf hits you with a +4 quarterstaff of chaos.
* * * LOW HITPOINT WARNING * * *
You are lethally poisoned!
You hit Crazy Yiuf but do no damage.
Crazy Yiuf is heavily wounded.
You die...

#.# #....#
#...#.......
### #....#
##.##.......
##...#
##.##.......
##.##
#..###......
##.#
##[.........
#.##
#.###.#...#
##.# #.#
#.##### #.##
#.###.##...
#@#
#.....##.##
#.g.#
#####.##.##
#...#
#.#...#
#)..#
#...#..
#####
###...#
##.## #.#
#.# ##.##


You could see Crazy Yiuf.

Vanquished Creatures
  A scorpion (D:2)
  2 adders (D:2)
  A worm (D:2)
  A dart slug (D:2)
  2 orcs (D:2)
  5 endoplasms
  A giant cockroach (D:1)
  A goblin (D:1)
  A hobgoblin (D:1)
  2 jackals (D:1)
  5 ball pythons
  5 bats
  2 frilled lizards
  8 kobolds
  2 rats
39 creatures vanquished.

Notes
Turn   | Place    | Note
-------+----------+-------------------------------------------
     0 | D:1      | hikkokomori the Demigod Gladiator began the quest for the
                  | Orb.
     0 | D:1      | Reached XP level 1. HP: 17/17 MP: 3/3
    12 | D:1      | Noticed an electric eel
   233 | D:1      | Reached XP level 2. HP: 24/24 MP: 4/4
   569 | D:1      | Reached skill level 3 in Long Blades
   569 | D:1      | Reached skill level 1 in Stealth
   874 | D:2      | Reached skill level 1 in Shields
  1015 | D:2      | Reached XP level 3. HP: 29/29 MP: 5/5
  1235 | D:2      | Noticed a scorpion
  1247 | D:2      | Killed a scorpion
  1248 | D:2      | Reached XP level 4. HP: 22/37 MP: 6/6
  1495 | D:2      | Found a runed translucent door.
  1496 | D:2      | Noticed Crazy Yiuf
  1771 | D:2      | HP: 1/37 [Crazy Yiuf/+4 quarterstaff of chaos (2)]
  1772 | D:2      | Succumbed to Crazy Yiuf's poison

Illustrated notes

Levels and vault maps discovered:
D:1:      arrival_aquarium_a, layout_basic, columned_hall_lemuel
D:2:      minmay_evil_eye, layout_loops_ring, hangedman_decor_slide_cut,
          uniq_crazy_yiuf_cottage

Skill      XL: |  1  2  3  4 |
---------------+-------------+-----
Fighting       | 2 |  2.7
Long Blades    | 3 |  3.4
Stealth        | 1 2 |  2.0
Shields        | 1 |  1.7
Throwing       | |  1.7
Dodging        | |  2.6

Action                     |  1- 3 |  4- 6 || total
---------------------------+-------+-------++-------
  Melee: Long sword        |    88 |    24 ||   112
  Throw: Throwing net      |     1 |       ||     1
    Use: Potion            |       |     1 ||     1
   Stab: Sleeping          |     1 |     1 ||     2
 Armour: Leather armour    |    31 |     7 ||    38
  Dodge: Dodged            |    60 |     6 ||    66
  Block: Buckler           |     6 |     3 ||     9

Table legend: (Time is in decaauts)
 A = Elapsed time spent in this place.
 B = Non-inter-level travel time spent in this place.
 C = Inter-level travel time spent in this place.
 D = Time resting spent in this place.
 E = Time spent auto-exploring this place.
 F = Levels seen in this place.
 G = Mean time per level.
                   A        B        C        D        E       F      G
               +--------+--------+--------+--------+--------+-----+--------+
         Total |   1801 |   1771 |     30 |      0 |   1398 |   2 |  900.5 |
       Dungeon |   1801 |   1771 |     30 |      0 |   1398 |   2 |  900.5 |
               +--------+--------+--------+--------+--------+-----+--------+

Top non-repeatable levels by time:
     D:2: 990 daAuts
     D:1: 810 daAuts
